 Seeded DCSS version 0.31-a0-339-gda1cbd555d (webtiles) character file.

Game seed: 14215367866634240820 (custom seed)

72 innerfire43 the Chopper (level 4, 0/35 HPs)
             Began as a Demonspawn Monk on July 20, 2023.
             Slain by a gnoll
             ... wielding a +0 club
              (7 damage)
             ... on level 2 of the Dungeon.
             The game lasted 00:01:09 (1088 turns).

innerfire43 the Chopper (Demonspawn Monk)           Turns: 1088, Time: 00:01:10

Health: 0/35       AC:  5    Str: 13    XL:     4   Next: 7%
Magic:  4/4        EV: 13    Int: 12    God:
Gold:   55         SH:  0    Dex: 15    Spells: 3/3 levels left

rFire   . . .        a - +0 hand axe
rCold   . . .        d - orb {light}
rNeg    . . .        b - +0 robe
rPois   .            j - +2 helmet
rElec   .            (no cloak)
rCorr   .            (no gloves)
SInv    .            (no boots)
Will    .....        (no amulet)
Stlth   +            (no ring)
HPRegen 0.25/turn    (no ring)
MPRegen 0.09/turn

%: no passive effects
@: glowing
A: demonic guardian 2
a: no special abilities


You were on level 2 of the Dungeon.
You visited 1 branch of the dungeon, and saw 2 of its levels.

You collected 55 gold pieces.

Inventory:

Hand Weapons
 a - a +0 hand axe (weapon)
Missiles
 g - a silver javelin (quivered)
Armour
 b - a +0 robe (worn)
 d - an orb of light (worn)
 j - a +2 helmet (worn)
Scrolls
 c - a scroll of fog {unknown}
 e - a scroll of enchant weapon {unknown}
 i - a scroll of amnesia {unknown}
Potions
 h - a potion of ambrosia


   Skills:
 + Level 3.5 Fighting
 * Level 3.7 Axes
 + Level 3.2 Dodging


You had 3 spell levels left.
You didn't know any spells.
Your spell library was empty.

Dungeon Overview and Level Annotations

Branches:
Dungeon (2/15)

Altars:


Innate Abilities, Weirdness & Mutations

A demonic guardian rushes to your aid.


Message History

The silver javelin pierces through the gnoll.
The gnoll is severely wounded.
The gnoll hits you from afar with a +0 spear.
The gnoll misses you. The gnoll closely misses you.
Throw: 4 javelins (silver)
Press: ? - help, Q - select action Shift-Dir - straight line, p - gnoll You throw a silver javelin.
The silver javelin pierces through the gnoll.
The gnoll is heavily wounded.
The silver javelin pierces through the gnoll but does no damage.
The gnoll is severely wounded.
The gnoll completely misses you. x2
Throw: 3 javelins (silver)
Press: ? - help, Q - select action Shift-Dir - straight line, f - gnoll
Aim: a gnoll, wielding a +0 club (severely wounded, haloed, 80% to hit)
You throw a silver javelin.
The silver javelin hits the gnoll and shatters for extra damage!
You kill the gnoll!
The gnoll hits you with a +0 club.
* * * LOW HITPOINT WARNING * * *
The gnoll barely misses you.
You have reached level 4!
You feel clever.
Your demonic ancestry asserts itself...
Your guardian grows in power.
It was a potion of curing.
You feel better. The gnoll closely misses you. x2
Unknown command.
You hit the gnoll but do no damage.
The gnoll is severely wounded.
You hit the gnoll. The gnoll barely misses you.
The gnoll hits you with a +0 club!
* * * LOW HITPOINT WARNING * * *
A demonic guardian appears!
Unknown command.
Throw: 2 javelins (silver)
Press: ? - help, Q - select action Shift-Dir - straight line, f/p - gnoll
Aim: a gnoll, wielding a +0 club (severely wounded, haloed, 80% to hit)
You throw a silver javelin.
The silver javelin barely misses the gnoll.
The gnoll hits you with a +0 club!
You die...

########
..(.(.. .....
##### ....
#....##..##
#....##...#
###.....#)# #
#.......#g#.##
#......@g..#
##..........#
##......4....#
#
##......#####.#
## ###.......#
..#
.####....#....#
.#
......#...#####
.#
...........##
#...........#


You could see 2 gnolls and a friendly rust devil (summoned).

Vanquished Creatures
  2 gnolls (D:2)
  A dart slug (D:1)
  4 ball pythons
  5 endoplasms
  A giant cockroach (D:1)
  5 goblins
  3 hobgoblins
  6 jackals (D:1)
  2 kobolds (D:1)
  4 quokkas (D:1)
  3 bats
  2 frilled lizards (D:1)
  3 rats
41 creatures vanquished.

Vanquished Creatures (collateral kills)
  A worm (D:2)
1 creature vanquished.

Grand Total: 42 creatures vanquished

Notes
Turn   | Place    | Note
-------+----------+-------------------------------------------
     0 | D:1      | innerfire43 the Demonspawn Monk began the quest for the
                  | Orb.
     0 | D:1      | Reached XP level 1. HP: 18/18 MP: 1/1
    61 | D:1      | Gained mutation: A weak demonic guardian rushes to your
                  | aid. [demonic ancestry]
    61 | D:1      | Reached XP level 2. HP: 24/24 MP: 2/2
   435 | D:1      | Reached XP level 3. HP: 26/29 MP: 3/3
  1086 | D:2      | Gained mutation: A demonic guardian rushes to your aid.
                  | [demonic ancestry]
  1086 | D:2      | Reached XP level 4. HP: 8/35 MP: 4/4
  1088 | D:2      | Slain by a gnoll

Illustrated notes

Levels and vault maps discovered:
D:1:      dpeg_arrival_castle, layout_basic, serial_forest,
          infiniplex_forest_straight_2, infiniplex_forest_straight_3,
          infiniplex_forest_clump_double, infiniplex_forest_lined_1,
          infiniplex_forest_clump_small, infiniplex_forest_straight_2,
          infiniplex_forest_lined_3_way
D:2:      layout_rooms

Skill      XL: |  1  2 |
---------------+-------+-----
Axes           | 3 |  3.7
Dodging        | 3 |  3.2
Fighting       | |  3.5

Action                     |  1- 3 |  4- 6 || total
---------------------------+-------+-------++-------
  Melee: Hand axe          |    87 |     1 ||    88
  Throw: Javelin           |     3 |     1 ||     4
    Use: Potion            |     1 |     1 ||     2
 Armour: Robe              |    11 |       ||    11
  Dodge: Dodged            |   104 |     3 ||   107

Table legend: (Time is in decaauts)
 A = Elapsed time spent in this place.
 B = Non-inter-level travel time spent in this place.
 C = Inter-level travel time spent in this place.
 D = Time resting spent in this place.
 E = Time spent auto-exploring this place.
 F = Levels seen in this place.
 G = Mean time per level.
                   A        B        C        D        E       F      G
               +--------+--------+--------+--------+--------+-----+--------+
         Total |   1106 |   1099 |      7 |      0 |    880 |   2 |  553.0 |
       Dungeon |   1106 |   1099 |      7 |      0 |    880 |   2 |  553.0 |
               +--------+--------+--------+--------+--------+-----+--------+

Top non-repeatable levels by time:
     D:1: 941 daAuts
     D:2: 164 daAuts
